 Dungeon Crawl Stone Soup version 0.25.1-8-g42b30a86e7 (webtiles) character file.

Game seed: 13612611517416715712

2606 Clowwww the Chopper (level 9, -2/69 HPs)
             Began as a Demonspawn Fighter on Dec 12, 2020.
             Was an Initiate of Ashenzari.
             Killed from afar by an orc sorcerer (31 damage)
             ... with a bolt of fire
             ... on level 7 of the Dungeon.
             The game lasted 00:20:09 (8390 turns).

Clowwww the Chopper (Demonspawn Fighter)            Turns: 8390, Time: 00:20:09

Health: -2/69      AC: 22    Str: 19    XL:     9   Next: 33%
Magic:  9/9        EV:  8    Int:  5    God:    Ashenzari [......]
Gold:   194        SH: 10    Dex: 14    Spells: 8/8 levels left

rFire    . . .     SeeInvis .   a - +2 war axe
rCold    . . .     Gourm    .   c - +0 kite shield
rNeg     . . .     Faith    .   b - +4 scale mail
rPois    .         Spirit   .   (no helmet)
rElec    .         Reflect  .   (no cloak)
rCorr    .         Harm     .   v - +0 pair of gloves (curse)
MR       .....                  j - +0 pair of boots (curse)
Stlth    ..........             (no amulet)
HPRegen  0.21/turn              h - -4 ring of intelligence (curse)
MPRegen  0.11/turn              (no ring)

@: sanguine armour, lightly drained
A: claws 2, demonic guardian 1, powered by pain 1, sanguine armour 2
a: Curse Item, Renounce Religion


You were on level 7 of the Dungeon.
You worshipped Ashenzari.
Ashenzari was noncommittal.
You were hungry.

You visited 1 branch of the dungeon, and saw 7 of its levels.
You also visited: Sewer.

You collected 254 gold pieces.
You spent 60 gold pieces at shops.

Inventory:

Hand Weapons
 a - a +2 war axe (weapon)
Armour
 b - a +4 scale mail (worn)
 c - a +0 kite shield (worn)
 j - a cursed +0 pair of boots (worn)
 v - a cursed +0 pair of gloves (worn)
 y - a +2 pair of gloves of dexterity
Jewellery
 h - a cursed -4 ring of intelligence (left hand)
Wands
 i - a wand of enslavement (10)
 u - a wand of acid (5)
Scrolls
 e - a scroll of fear
 g - 4 scrolls of magic mapping
 k - 4 scrolls of identify
 l - 5 scrolls of amnesia
 r - 2 scrolls of blinking
 w - a scroll of teleportation
 x - a scroll of fog
Potions
 d - 2 potions of brilliance
 m - 4 potions of curing
 n - a potion of might
 o - a potion of resistance
 p - a potion of berserk rage
 q - 5 potions of heal wounds
 t - a potion of flight
Comestibles
 f - 9 rations


   Skills:
 + Level 5.6(5.1) Fighting
 + Level 7.6(7.0) Axes
 + Level 5.7(5.1) Armour
 + Level 2.4(1.9) Dodging
 + Level 1.5(1.0) Stealth
 + Level 5.7(5.1) Shields


You had 8 spell levels left.
You didn't know any spells.
Your spell library contained the following spells:

 Spells                   Type           Power        Failure   Level  Hunger
 Corona                   Hex            #......      99%         1    ##.....
 Ensorcelled Hibernation  Hex/Ice        #.....       100%        2    ###....
 Confusing Touch          Hex            #.......     100%        3    ####...
 Dazzling Flash           Conj/Hex       #.....       100%        3    ####...
 Tukima's Dance           Hex            #.......     100%        3    ####...


Dungeon Overview and Level Annotations

Branches:
Dungeon (7/15)             Temple (0/1) D:7           Sewer (visited)

Altars:
Ashenzari
Cheibriados
Hepliaklqana
Nemelex Xobeh
Okawaru
Qazlal
Xom
Yredelemnul
Zin
The Shining One

Shops:
D:5 *

Annotations:
D:3 1 runed translucent door, Crazy Yiuf


Innate Abilities, Weirdness & Mutations

You have very sharp fingernails.
A weak demonic guardian rushes to your aid.
You sometimes gain a little power by taking damage.
When seriously injured, your bleeding wounds create thick armour. (AC +9)


Message History

You hit the orc sorcerer.
The orc sorcerer is lightly wounded.
You hit the jackal.
You kill the jackal!
You block the orc sorcerer's attack.
You hit the orc sorcerer.
The orc sorcerer is lightly wounded.
The orc sorcerer hits you but does no damage.
You hit the orc sorcerer but do no damage.
The orc sorcerer is lightly wounded.
The orc sorcerer gestures at you while chanting.
The bolt of fire hits you!
Your shield and scale mail prevent you from hitting the orc sorcerer.
The orc sorcerer is lightly wounded.
The orc sorcerer hits you but does no damage.
You hit the orc sorcerer.
The orc sorcerer is moderately wounded.
The orc sorcerer points at you and mumbles some strange words.
The bolt of fire hits you!!
You die...

############## ####
.....$.......#### #)..
######...........# #.##
#.............##.####.#
#.#####.#####......##.#
#5#####..###.##.#
#@##.....# #..#.##
......o........###..#...
#.#.###.##.##.......####
#.## ##..#....)..† ..#
#..####.##.# ### #...
#.##.# #..# #.##.# ...#
#.##.. ...>. #.###.


You could see an orc sorcerer and a friendly ufetubus (summoned).

Vanquished Creatures
  2 hippogriffs
  A sky beast (D:6)
  An orc warrior (D:6)
  2 ice beasts
  A black bear (D:7)
  A phantom (D:6)
  An ogre (D:7)
  A centaur (D:6)
  A big kobold (D:7)
  4 scorpions
  A crimson imp (D:5)
  3 jellies
  2 orc priests (D:4)
  A bullfrog skeleton (D:5)
  5 orc wizards
  Jessica (D:2)
  2 iguanas
  5 worker ants
  Natasha (D:2)
  2 hound zombies
  Robin (D:2)
  8 gnolls
  6 adders
  4 river rats
  2 shadow imps
  4 oozes
  2 adder skeletons
  An adder zombie (D:6)
  8 worms
  3 dart slugs
  6 leopard geckos
  14 orcs
  2 bats
  4 giant cockroaches
  14 goblins
  5 hobgoblins
  9 jackals
  2 quokkas
  6 ball pythons
  A ball python skeleton (D:4)
  5 frilled lizards
  A jackal zombie (D:6)
  15 kobolds
  A leopard gecko zombie (D:6)
  7 rats
169 creatures vanquished.

Vanquished Creatures (collateral kills)
  A hippogriff (D:7)
  A sky beast (D:5)
  2 ogres
  A centaur (D:5)
  A crimson imp (D:7)
  An orc priest (D:5)
  Natasha (twice) (D:2)
  An iguana (D:5)
  An adder (D:4)
  7 orcs
  4 jackals (D:4)
  3 kobolds (D:7)
  A quokka (D:6)
26 creatures vanquished.

Grand Total: 195 creatures vanquished

Notes
Turn   | Place    | Note
-------+----------+-------------------------------------------
     0 | D:1      | Clowwww the Demonspawn Fighter began the quest for the Orb.
     0 | D:1      | Reached XP level 1. HP: 18/18 MP: 1/1
   439 | D:1      | Gained mutation: When seriously injured, your bleeding
                  | wounds create armour. (AC +9) [demonic ancestry]
   439 | D:1      | Reached XP level 2. HP: 22/24 MP: 2/2
   440 | D:1      | Reached skill level 2 in Axes
  1137 | D:2      | Found a glowing silver altar of Zin.
  1162 | D:2      | Noticed Robin
  1172 | D:2      | Gained mutation: A weak demonic guardian rushes to your
                  | aid. [demonic ancestry]
  1172 | D:2      | Reached XP level 3. HP: 6/29 MP: 3/3
  1174 | D:2      | Killed Robin
  1501 | D:2      | Found a sparkling altar of Nemelex Xobeh.
  1546 | D:2      | Noticed Natasha
  1562 | D:2      | Killed Natasha
  1562 | D:2      | Reached XP level 4. HP: 22/35 MP: 4/4
  1638 | D:2      | Noticed Natasha
  1647 | D:2      | Killed Natasha
  1647 | D:2      | Reached skill level 3 in Axes
  2005 | D:2      | Noticed Jessica
  2006 | D:2      | Noticed Natasha
  2013 | D:2      | Killed Jessica
  2015 | D:2      | Killed Natasha
  2015 | D:2      | Gained mutation: You sometimes gain a little power by
                  | taking damage. [demonic ancestry]
  2015 | D:2      | Reached XP level 5. HP: 17/41 MP: 5/5
  2583 | D:3      | Found a snail-covered altar of Cheibriados.
  2631 | D:3      | Found a glowing golden altar of the Shining One.
  2631 | D:3      | Found an iron altar of Okawaru.
  2662 | D:3      | Found a runed translucent door.
  2663 | D:3      | Noticed Crazy Yiuf
  2697 | D:3      | Found a basalt altar of Yredelemnul.
  2890 | D:3      | Found an iron altar of Okawaru.
  3187 | D:3      | Found a stormy altar of Qazlal.
  3187 | D:3      | Found a shattered altar of Ashenzari.
  3189 | D:3      | Found a snail-covered altar of Cheibriados.
  3189 | D:3      | Found a shimmering altar of Xom.
  3189 | D:3      | Found a sacrificial altar of Ru.
  3266 | D:3      | Found a glowing golden altar of the Shining One.
  3806 | D:4      | Gained mutation: You have sharp fingernails. [demonic
                  | ancestry]
  3806 | D:4      | Reached XP level 6. HP: 47/47 MP: 6/6
  4149 | D:4      | HP: 1/48 [orc priest/nerve-wracking pain (11)]
  4154 | D:4      | Reached skill level 4 in Axes
  4154 | D:4      | Reached skill level 1 in Dodging
  4548 | D:4      | Gained mutation: When seriously injured, your bleeding
                  | wounds create thick armour. (AC +9) [demonic ancestry]
  4548 | D:4      | Reached XP level 7. HP: 53/53 MP: 7/7
  4700 | D:5      | Entered Level 5 of the Dungeon
  4944 | D:5      | Found a hazy altar of Hepliaklqana.
  4979 | D:5      | Reached skill level 1 in Stealth
  5617 | D:5      | Found Ujuol's General Store.
  5626 | D:5      | Bought a potion of heal wounds for 60 gold pieces
  5648 | D:5      | Found a sparkling altar of Nemelex Xobeh.
  5755 | D:5      | Reached skill level 5 in Armour
  6036 | D:6      | Reached skill level 5 in Axes
  6036 | D:6      | Reached XP level 8. HP: 49/60 MP: 8/8
  6073 | D:6      | Found a stormy altar of Qazlal.
  6075 | D:6      | Noticed an air elemental
  6130 | D:6      | Found a glowing drain.
  6168 | Sewer    | Entered a sewer
  6727 | D:6      | Reached skill level 5 in Shields
  7102 | D:6      | Noticed a hippogriff
  7112 | D:6      | Killed a hippogriff
  7112 | D:6      | Reached skill level 6 in Axes
  7505 | D:7      | Reached skill level 5 in Fighting
  7511 | D:7      | Found a shattered altar of Ashenzari.
  7556 | D:7      | Became a worshipper of Ashenzari the Shackled
  7853 | D:7      | Found a staircase to the Ecumenical Temple.
  7867 | D:7      | Noticed a hippogriff
  7876 | D:7      | Killed a hippogriff
  7876 | D:7      | Reached skill level 7 in Axes
  7876 | D:7      | Gained mutation: You have very sharp fingernails. [demonic
                  | ancestry]
  7876 | D:7      | Reached XP level 9. HP: 57/68 MP: 9/9
  8080 | D:7      | Noticed an orc sorcerer
  8083 | D:7      | Noticed a red devil
  8085 | D:7      | Paralysed by an orc sorcerer for 6 turns
  8390 | D:7      | Killed from afar by an orc sorcerer

Illustrated notes

Levels and vault maps discovered:
D:1:      minmay_arrival_open_corners, layout_loops_corners,
          minmay_misc_feat_plants, minmay_liquid_box
D:2:      layout_basic, nicolae_overflow_crystal_walls,
          chequers_serial_rivers_micro_e, hangedman_decor_push,
          nemelex_lonely_heart_becter, uniq_natasha, uniq_robin, uniq_jessica
D:3:      layout_rooms, doesnt_xom_only_xom, gammafunk_temple_overflow_elements,
          lemuel_round_altar, kennysheep_slug_shrine, first_ration, tso_altar,
          uniq_crazy_yiuf_cottage
D:4:      layout_basic
D:5:      layout_loops_corners, overflow_temple_1_default,
          lemuel_coloured_pillars_altar, serial_shops, shop,
          chequers_serial_rivers_small_3, kennysheep_generic_room_5
D:6:      layout_rooms, portal_sewer_entry_e, nicolae_qazlal_style_of_elements
D:7:      cheibrodos_wizards_tower, layout_loops_ring, evilmike_ruin_ashenzari,
          minmay_temple_entry_mist

Skill      XL: |  1  2  3  4  5  6  7  8 |
---------------+-------------------------+-----
Axes           | 2 3 4 5 7 |  7.6
Shields        | 3 4 5 |  5.7
Armour         | 3 4 5 |  5.7
Dodging        | 1 2 |  2.4
Stealth        | 1 |  1.5
Fighting       | 4 5 |  5.6

Action                   |  1- 3 |  4- 6 |  7- 9 || total
-------------------------+-------+-------+-------++-------
Melee: War axe           |   108 |   173 |   384 ||   665
Invok: Curse Item        |       |       |     2 ||     2
  Use: Potion            |     1 |     4 |     2 ||     7
       Scroll            |       |    14 |     7 ||    21
 Stab: Distracted        |       |     1 |       ||     1
  Eat: Chunk             |     1 |     6 |    11 ||    18
       Ration            |       |     1 |     1 ||     2
Armor: Scale mail        |    81 |    94 |   172 ||   347
Dodge: Dodged            |    41 |    52 |   133 ||   226
Block: Kite shield       |    74 |   100 |   188 ||   362
